 Dungeon Crawl Stone Soup version 0.18-a0-2-g0e512fa (webtiles) character file.

2232 Ordine the Cruncher (level 9, -7/68 HPs)
             Began as a Minotaur Gladiator on Oct 31, 2015.
             Mangled by a wight
             ... wielding a +3 scimitar of electrocution
              (11 damage)
             ... on level 9 of the Dungeon.
             The game lasted 00:11:51 (5059 turns).

Ordine the Cruncher (Minotaur Gladiator)            Turns: 5059, Time: 00:11:52

Health: -7/68      AC:  9    Str: 20    XL:     9   Next: 14%
Magic:  8/8        EV:  9    Int:  5    God:
Gold:   272        SH:  0    Dex: 19    Spells: 0 memorised, 8 levels left

rFire  . . .     SeeInvis .     a - +1 quarterstaff
rCold  . . .     Clarity  .     n - +0 chain mail
rNeg   . . .     SustAt   .     (no shield)
rPois  +         Gourm    .     c - +0 hat
rElec  .         Spirit   .     j - +0 cloak
rCorr  .         Warding  .     (no gloves)
rMut   .         Stasis   .     (no boots)
MR     .....                    (no amulet)
Stlth  ..........               b - +5 ring of dexterity
                                h - ring of poison resistance

@: very slightly contaminated, drained, not resistant to hostile enchantments,
extremely unstealthy
A: retaliatory headbutt, horns 2
a: no special abilities


You were on level 9 of the Dungeon.
You were not hungry.

You visited 2 branches of the dungeon, and saw 8 of its levels.

You collected 272 gold pieces.

Inventory:

Hand Weapons
 a - a +1 quarterstaff (weapon)
Missiles
 d - 3 throwing nets (quivered)
Armour
 c - a +0 hat (worn)
 j - a +0 cloak (worn)
 n - a +0 chain mail (worn)
Jewellery
 b - a +5 ring of dexterity (right hand)
 h - a ring of poison resistance (left hand)
 q - an uncursed ring of protection from fire
Wands
 r - a wand of digging (8)
Scrolls
 l - 4 scrolls of remove curse
 m - a scroll of recharging
 o - a scroll of blinking
Potions
 p - 2 potions of flight
Comestibles
 e - 4 bread rations
 f - a chunk of flesh


   Skills:
 + Level 2.8(2.5) Fighting
 - Level 14.0(13.6) Staves
 - Level 2.0(1.7) Throwing
 + Level 1.2(0.9) Armour
 + Level 3.7(3.5) Dodging


You had 8 spell levels left.
You didn't know any spells.

Dungeon Overview and Level Annotations

Branches:
Dungeon (9/15)             Temple (1/1) D:4
   Lair: D:8-11         Orc: D:9-12

Altars:
Ashenzari
Cheibriados
Dithmenos
Elyvilon
Fedhas
Gozag
Makhleb
Nemelex Xobeh
Qazlal
Sif Muna
Trog
Vehumet
Zin

Annotations:
D:9 vible's ghost, journeyman HOGl


Innate Abilities, Weirdness & Mutations

You reflexively headbutt those who attack you in melee.
You have a pair of horns on your head.


Message History

* * * LOW HITPOINT WARNING * * *
You are electrocuted!
* * * LOW HITPOINT WARNING * * *
You are too injured to fight recklessly!
You are too injured to fight recklessly!
You are too injured to fight recklessly!
Drink which item? (? for menu, Esc to quit)
You feel better.
The orc wizard casts a spell.
The orc wizard blinks!
The wight barely misses you. You furiously retaliate!
You headbutt the wight. You sock the wight! Your headbutt misses the wight.
The wight is almost destroyed.
You closely miss the wight.
You headbutt the wight, but do no damage.
The wight is almost destroyed.
The wight hits you with a scimitar of electrocution.
* * * LOW HITPOINT WARNING * * *
You are electrocuted!
You die...

#.. .? ### ###+
##.### #... #o...##
#... ##o....# #...
###co...######gW.
##zogW..ยง.'..J..o.
#@###.....####..J.
#.# ###..## ##...
##.# ##..# #... #.#
#### .. .# #. # .


You could see an orc warrior, a centaur, a wight, 2 orc wizards, vible's ghost
and a gnoll.

Vanquished Creatures
  Pikel (D:5)
  Grinder (D:5)
  Edmund (D:5)
  A sky beast (D:5)
  A necrophage (D:3)
  A centaur (D:5)
  3 ogres (D:5)
  Blork the orc (D:6)
  A giant frog (D:6)
  A wight (D:9)
  3 crimson imps
  An orc priest (D:9)
  8 two-headed ogre zombies (D:9)
  A jelly (D:9)
  2 orc wizards
  A gnoll shaman (D:9)
  Natasha (D:3)
  An iguana (D:4)
  2 worker ants
  A hound skeleton (D:5)
  Robin (D:3)
  3 gnolls (D:9)
  7 adders
  A shadow imp (D:5)
  An ooze (D:4)
  4 worms
  7 orcs
  2 ball pythons
  5 giant cockroaches
  20 goblins
  11 hobgoblins
  6 jackals
  6 kobolds
  3 quokkas
  8 bats
  4 giant geckos
  3 giant newts
  A jackal skeleton (D:5)
  7 rats
  A fungus (D:3)
134 creatures vanquished.

Vanquished Creatures (others)
  2 slaves (D:5)
  A crimson imp (D:5)
  An iguana (D:5)
  A giant gecko (D:5)
  An orc (D:5)
  A quokka zombie (D:5)
  A fungus (D:3)
8 creatures vanquished.

Grand Total: 142 creatures vanquished

Notes
Turn   | Place    | Note
--------------------------------------------------------------
     0 | D:1      | Ordine the Minotaur Gladiator began the quest for the Orb.
     0 | D:1      | Reached XP level 1. HP: 18/18 MP: 0/0
   100 | D:1      | Reached skill level 4 in Staves
   166 | D:1      | Reached XP level 2. HP: 19/25 MP: 1/1
   552 | D:1      | Reached skill level 5 in Staves
   564 | D:1      | Reached XP level 3. HP: 24/30 MP: 2/2
  1109 | D:2      | Reached XP level 4. HP: 35/37 MP: 3/3
  1112 | D:2      | Reached skill level 6 in Staves
  2008 | D:3      | Found a radiant altar of Vehumet.
  2020 | D:3      | Noticed a necrophage
  2026 | D:3      | Killed a necrophage
  2026 | D:3      | Reached skill level 7 in Staves
  2026 | D:3      | Reached XP level 5. HP: 31/42 MP: 4/4
  2174 | D:3      | Found a shadowy altar of Dithmenos.
  2239 | D:3      | Noticed Natasha
  2247 | D:3      | Killed Natasha
  2347 | D:3      | Reached skill level 8 in Staves
  2356 | D:3      | Noticed Robin
  2364 | D:3      | Killed Robin
  2379 | D:3      | Reached XP level 6. HP: 46/50 MP: 5/5
  3106 | D:4      | Found a staircase to the Ecumenical Temple.
  3117 | Temple   | Entered the Ecumenical Temple
  3227 | D:4      | Found a snail-covered altar of Cheibriados.
  3341 | D:5      | Entered Level 5 of the Dungeon
  3341 | D:5      | Noticed Pikel
  3356 | D:5      | Killed Pikel
  3356 | D:5      | Reached skill level 10 in Staves
  3356 | D:5      | Reached XP level 7. HP: 47/56 MP: 6/6
  3510 | D:5      | Noticed Edmund
  3520 | D:5      | Killed Edmund
  3520 | D:5      | Reached skill level 11 in Staves
  3537 | D:5      | Found a burning altar of Makhleb.
  3546 | D:5      | Reached XP level 8. HP: 62/62 MP: 7/7
  3796 | D:5      | Reached skill level 12 in Staves
  3821 | D:5      | Noticed Grinder
  3834 | D:5      | Paralysed by Grinder for 5 turns
  3845 | D:5      | Killed Grinder
  4043 | D:5      | Reached skill level 13 in Staves
  4047 | D:5      | Found a stormy altar of Qazlal.
  4354 | D:6      | Found an opulent altar of Gozag.
  4355 | D:6      | Found a sparkling altar of Nemelex Xobeh.
  4439 | D:6      | Noticed Blork the orc
  4449 | D:6      | Killed Blork the orc
  4954 | D:6      | You fall through a shaft for 3 floors!
  4954 | D:9      | Noticed vible's ghost (journeyman HOGl)
  5007 | D:9      | Reached XP level 9. HP: 38/68 MP: 8/8
  5032 | D:9      | Reached skill level 14 in Staves
  5054 | D:9      | Reached skill level 1 in Armour
  5056 | D:9      | HP: 2/68 [wight/scimitar of electrocution (11)]
  5059 | D:9      | Mangled by a wight

Vault maps used:
D:1:      erik_arrival_blinker_ship
D:2:      grunt_decor_resistance
D:3:      old_standard_altar, overflow_temple_1_default, first_bread,
          minmay_gold_behind_fungi, minmay_statues_item, minmay_misc_feat_tiny,
          columned_hall_lemuel, patterned_corridor, uniq_robin, uniq_natasha
D:4:      kennysheep_mini, minmay_temple_entry_purple_smoke
D:5:      old_standard_altar, bloody_makhleb, hangedman_decor_peaks_small,
          minmay_misc_feat_columns, grunt_ministairs_1, kennysheep_doodads,
          uniq_edmund, uniq_grinder, uniq_pikel
D:6:      grunt_temple_overflow_opulence, uniq_blork_the_orc
D:9:      lemuel_ogre_cave, hiddenorc2_lemuel, grunt_ogre_cave
Temple:   circular_temple_6

Action                   |  1- 3 |  4- 6 |  7- 9 || total
-------------------------+-------+-------+-------++-------
Melee: Quarterstaff      |    82 |   135 |   170 ||   387
  Use: Scroll            |     5 |     7 |     6 ||    18
       Potion            |       |     1 |     5 ||     6
 Stab: Distracted        |       |     1 |       ||     1
  Eat: Chunk             |       |     7 |     6 ||    13
